Map: World of Sleepers LE

Players

GetMeOut

  • Race: Protoss Protoss
  • League: Master
  • Spawn Location: 7:00

BlyOnFire (Bly) - Winner!

  • Race: Zerg Zerg
  • Spawn Location: 1:00

Event: NationWars 2019

VOD

Have the link to the VOD?

Description

Time

  • Played on: Oct. 3, 2019, 2:06 p.m.
  • Length: 4:32
Show
View Real Time Build Order
Export as new Build Order

GetMeOut Protoss 

Build Orders: 1 Gate Expand 

Get SALT Encoding   

  12  0:00  Probe  
  13  0:13  Probe  
  14  0:21  Pylon  
  14  0:25  Probe  
  15  0:39  Probe (Chrono Boost), Gateway  
  16  0:49  Probe (Chrono Boost), Assimilator  
  17  0:54  Probe (Chrono Boost)  
  18  1:05  Probe  
  19  1:17  Probe  
  20  1:26  Cybernetics Core  
  20  1:35  Nexus  
  20  1:44  Gateway  
  20  1:47  Probe  
  21  1:57  Pylon  
  21  2:00  Adept (Chrono Boost)  
  21  2:08  Warp Gate  
  22  2:14  Probe  
  23  2:19  Pylon  
  23  2:22  Adept  
  23  2:29  Probe  
  26  2:34  Robotics Facility  
  26  2:38  Assimilator  
  26  2:41  Probe  
  27  2:47  Probe  
  27  2:49  Stalker (Chrono Boost)  
  30  2:59  Probe  
  30  3:00  Probe  
  32  3:11  Probe  
  32  3:12  Probe  
  34  3:19  Warp Prism (Chrono Boost)  
  34  3:24  Probe x2  
  38  3:33  Gateway  
  38  3:37  Probe x2  
  37  4:02  Pylon  
  34  4:03  Pylon  
Show
View Real Time Build Order
Export as new Build Order

BlyOnFire Zerg - Winner!

Build Orders: Pool First, Zergling Baneling 

Get SALT Encoding   

  12  0:01  Drone  
  13  0:12  Overlord  
  13  0:18  Drone  
  14  0:31  Drone x2  
  16  0:42  Spawning Pool  
  15  0:44  Drone  
  15  0:48  Drone  
  17  1:00  Extractor  
  16  1:10  Hatchery  
  15  1:14  Drone  
  16  1:29  Zergling x6  
  19  1:39  Queen  
  21  1:44  Drone  
  22  1:55  Overlord  
  22  2:02  Baneling Nest  
  22  2:05  Drone  
  22  2:16  Drone  
  23  2:51  Zergling x18  
  32  3:06  Overlord  
  32  3:12  Baneling x6  
  32  3:18  Zergling x6  
  35  3:25  Zergling x4  
  35  3:26  Zergling x4  
  39  3:31  Baneling x5  
  39  3:36  Overlord  
  36  3:52  Overlord  
  36  3:53  Drone x2  
  37  4:00  Drone x2  
  37  4:01  Drone x2  
Tags
 
Add a new tag
Caveats
  • Supply blocks, unpowered buildings, or Contaminate may cause inaccurate times.
  • Supply counts are checked every 10 seconds.